 Dungeon Crawl Stone Soup version 0.30-a0-1164-ge08a67761e (webtiles) character file.

Game seed: 721949698549489367

34 mandoloar the Insei (level 3, -1/23 HPs)
             Began as an Octopode Transmuter on Apr 30, 2023.
             Slain by a gnoll
             ... wielding a +0 club
              (7 damage)
             ... on level 1 of the Dungeon.
             The game lasted 00:02:38 (1175 turns).

mandoloar the Insei (Octopode Transmuter)           Turns: 1175, Time: 00:02:38

Health: -1/23      AC:  1    Str:  9    XL:     3   Next: 31%
Magic:  5/6        EV: 13    Int: 17    God:
Gold:   35         SH:  0    Dex: 12    Spells: 3/6 levels left

rFire   . . .        a - +0 short sword (elec)
rCold   . . .        (no shield)
rNeg    . . .        (helmet currently unavailable)
rPois   .            (no amulet)
rElec   .            (no ring)
rCorr   .            (no ring)
SInv    .            (no ring)
Will    .....        (no ring)
Stlth   ++           (no ring)
HPRegen 0.23/turn    (no ring)
MPRegen 0.10/turn    (no ring)
                     (no ring)

%: no passive effects
@: appendages
A: tentacle spike 3, almost no armour, amphibious, 8 rings, camouflage 1,
gelatinous body 1, (nimble swimmer 1), tentacles
a: End Transformation


You were on level 1 of the Dungeon.
One of your tentacles had grown a beastly spike.
You visited 1 branch of the dungeon, and saw 2 of its levels.

You collected 35 gold pieces.

Inventory:

Hand Weapons
 a - a +0 short sword of electrocution (weapon)
Missiles
 j - 5 stones
Scrolls
 c - a scroll of amnesia {unknown}
Potions
 g - a potion of lignification


   Skills:
 + Level 1.5 Fighting
 + Level 2.3 Dodging
 + Level 3.2 Unarmed Combat
 + Level 2.3 Spellcasting
 + Level 2.4 Transmutations


You had 3 spell levels left.
You knew the following spells:

 Your Spells              Type           Power      Damage    Failure   Level
a - Beastly Appendage     Tmut           20%        N/A       7%          1
b - Wereblood             Tmut           10%        N/A       11%         2

Your spell library contained the following spells:

 Spells                   Type           Power      Damage    Failure   Level
 Ensorcelled Hibernation  Hex/Ice        2%         N/A       28%         2
 Spider Form              Tmut/Pois      6%         N/A       34%         3
 Ice Form                 Ice/Tmut       6%         N/A       75%         4
 Anguish                  Hex/Necr       0%         N/A       88%         4


Dungeon Overview and Level Annotations

Branches:
Dungeon (2/15)

Altars:


Innate Abilities, Weirdness & Mutations

One of your tentacles has grown a beastly spike.
You cannot wear most types of armour.
You are amphibious.
You can wear up to eight rings at the same time.
Your skin changes colour to match your surroundings (Stealth+).
Your rubbery body absorbs attacks. (AC +1, EV +1)
((You are camouflaged when in or above water. (Stealth+)))
You have tentacles for arms and can constrict up to eight enemies at once.


Message History

The ball python bites you but does no damage.
The ball python closely misses you.
There is a stone staircase leading up here.
The ball python bites you but does no damage.
The ball python grabs you.
You stop ascending the stairs.
The ball python constricts you.
Your magical contamination has completely faded away.
You barely miss the ball python. You grab the ball python.
You constrict the ball python. The ball python closely misses you.
The ball python constricts you.
You escape the ball python's grasp.
You release your grip on the ball python.
The gnoll completely misses you. The ball python bites you.
The ball python grabs you.
You stop ascending the stairs.
The ball python constricts you.
You hit the ball python.
Lightning courses through the ball python!
You kill the ball python!
The gnoll hits you from afar with a +0 halberd.
The gnoll closely misses you.
You climb upwards.
There is a stone staircase leading down here.
You start resting.
HP restored.
You start waiting.
Done waiting.
One of your tentacles grows a vicious spike.
You climb downwards.
There is a stone staircase leading up here.
The gnoll hits you from afar with a +0 halberd!
Ouch! That really hurt!
The gnoll hits you with a +0 club.
* * * LOW HITPOINT WARNING * * *
You climb upwards.
There is a stone staircase leading down here.
You are too injured to fight recklessly!
You hit the gnoll. You grab the gnoll.
The gnoll is moderately wounded.
You constrict the gnoll. The gnoll hits you with a +0 club!
You die...

...)##.#### #.#
...†#.....########.#
....#......|...#...#
...........###.#.###
...#.......# #.#.#
.....#'###.# #.#.#
.......###.# #.#.#
##.#....##.###.#.########
...............g@.......#
##.#....##.#.#.#.######.#
#.#....##.#.#.#.# #.#
#.#######.#.#.#.# #.#
#.#####.......#.# #.#
##.#.........###.# #.#
...##......#...#.# #.#
..###).....#...#.# #.#
#.###......##.##.# #.#


You could see a gnoll.

Vanquished Creatures
  A gnoll (D:2)
  5 endoplasms
  3 goblins (D:1)
  2 jackals (D:1)
  A quokka (D:1)
  4 ball pythons
  A frilled lizard (D:1)
  3 kobolds (D:1)
  3 rats (D:1)
23 creatures vanquished.

Notes
Turn   | Place    | Note
-------+----------+-------------------------------------------
     0 | D:1      | mandoloar the Octopode Transmuter began the quest for the
                  | Orb.
     0 | D:1      | Reached XP level 1. HP: 13/13 MP: 3/3
   197 | D:1      | Reached XP level 2. HP: 14/18 MP: 1/5
   217 | D:1      | Learned a level 2 spell: Wereblood
   898 | D:2      | Reached XP level 3. HP: 19/23 MP: 6/6
  1175 | D:1      | Slain by a gnoll

Illustrated notes

Levels and vault maps discovered:
D:1:      lemuel_arrival_broad_hall, layout_basic, amethyst_killhole,
          dreamdust_mushroom_princess, hangedman_decor_clover_reticule
D:2:      layout_loops_ring, serial_shops, nicolae_shop_statue_plus

Action                     || total
---------------------------++-------
  Melee: Dagger            ||    35
         Kick              ||    14
         Tentacles         ||     8
         Constrict         ||    13
         Short sword       ||    12
         Unarmed           ||     2
         Punch             ||     2
   Cast: Beastly Appendage ||    23
   Stab: Sleeping          ||     5
 Armour: Skin              ||     5
  Dodge: Dodged            ||    28

Table legend: (Time is in decaauts)
 A = Elapsed time spent in this place.
 B = Non-inter-level travel time spent in this place.
 C = Inter-level travel time spent in this place.
 D = Time resting spent in this place.
 E = Time spent auto-exploring this place.
 F = Levels seen in this place.
 G = Mean time per level.
                   A        B        C        D        E       F      G
               +--------+--------+--------+--------+--------+-----+--------+
         Total |   1175 |   1075 |    100 |    305 |    561 |   2 |  587.5 |
       Dungeon |   1175 |   1075 |    100 |    305 |    561 |   2 |  587.5 |
               +--------+--------+--------+--------+--------+-----+--------+

Top non-repeatable levels by time:
     D:1: 1116 daAuts
     D:2: 58 daAuts
